 Dungeon Crawl Stone Soup version 0.22-a0-445-g8c8ef71062 (webtiles) character file.

3761 Ordine the Slicer (level 9, -7/52 HPs)
             Began as a Deep Elf Wizard on June 2, 2018.
             Was a Follower of Vehumet.
             Mangled by a white ugly thing (28 damage)
             ... on level 8 of the Dungeon.
             The game lasted 00:36:10 (9760 turns).

Ordine the Slicer (Deep Elf Wizard)                 Turns: 9760, Time: 00:36:11

Health: -7/52      AC:  5    Str:  4    XL:     9   Next: 94%
Magic:  9/20       EV: 16    Int: 27    God:    Vehumet [*.....]
Gold:   405        SH:  0    Dex: 13    Spells: 9/20 levels left

rFire    + . .     SeeInvis .   a - +6 short sword of the Dove {venom, rF+}
rCold    . . .     Gourm    .   (no shield)
rNeg     + . .     Faith    .   v - +1 robe {rN+}
rPois    .         Spirit   .   b - +0 hat
rElec    .         Reflect  .   f - +0 cloak
rCorr    .         Harm     .   (no gloves)
MR       .....                  k - +0 pair of boots
Stlth    ++........             j - amulet of regeneration
HPRegen  0.57/turn              (no ring)
MPRegen  0.17/turn              (no ring)

@: no status effects
A: no striking features
a: Renounce Religion


You were on level 8 of the Dungeon.
You worshipped Vehumet.
Vehumet was aware of your devotion.
You were not hungry.

You visited 2 branches of the dungeon, and saw 9 of its levels.
You also visited: Sewer.

You collected 405 gold pieces.

Inventory:

Hand Weapons
 a - the +6 short sword of the Dove (weapon) {venom, rF+}
   (You found it on level 5 of the Dungeon)

   It poisons the flesh of those it strikes.
   It protects you from fire.
 i - a +0 dagger of electrocution
 t - a +2 dagger of speed
Armour
 b - a +0 hat (worn)
 f - a +0 cloak (worn)
 k - a +0 pair of boots (worn)
 l - a scarf of spirit shield
 p - a +0 troll leather armour {Purgy}
 v - a +1 robe of positive energy (worn)
Magical Staves
 A - an uncursed staff of poison
Jewellery
 j - an amulet of regeneration (around neck)
 o - a +3 ring of intelligence {unknown}
 r - an uncursed amulet of the acrobat
 y - an uncursed amulet of magic regeneration {unknown}
 z - an uncursed ring of resist corrosion {unknown}
Wands
 w - a wand of disintegration (33)
 B - a wand of paralysis (21)
Scrolls
 q - 4 scrolls of teleportation
 u - a scroll of blinking
Potions
 c - a potion of mutation
 e - 5 potions of berserk rage
 h - 2 potions of flight {unknown}
 m - 3 potions of magic {unknown}
 n - 2 potions of might {unknown}
 s - 4 potions of curing
 x - a potion of agility {unknown}
 D - 2 potions of heal wounds
Comestibles
 d - 9 rations
 g - 4 chunks of flesh


   Skills:
 + Level 4.5 Fighting
 - Level 8.0 Short Blades
 + Level 7.5 Dodging
 - Level 3.0 Stealth
 + Level 6.0 Spellcasting
 + Level 4.1 Conjurations
 + Level 3.1 Summonings
 + Level 3.0 Translocations
 + Level 3.1 Fire Magic
 + Level 3.0 Air Magic
 - Level 3.0 Poison Magic


You had 9 spell levels left.
You knew the following spells:

 Your Spells              Type           Power        Failure   Level  Hunger
a - Magic Dart            Conj           ####         1%          1    None
b - Blink                 Tloc           N/A          2%          2    None
c - Call Imp              Summ           ####....     2%          2    None
d - Conjure Flame         Conj/Fire      ####....     4%          3    None
e - Mephitic Cloud        Conj/Pois/Air  ####....     4%          3    None

Your spell library contained the following spells:

 Spells                   Type           Power        Failure   Level  Hunger
 Slow                     Hex            #.......     10%         2    None
 Animate Dead             Necr           N/A          54%         4    ###....
 Pain                     Necr           #...         6%          1    None
 Animate Skeleton         Necr           N/A          6%          1    None
 Vampiric Draining        Necr           #.........   19%         3    None
 Regeneration             Chrm/Necr      #.........   19%         3    None


Dungeon Overview and Level Annotations

Branches:
Dungeon (8/15)             Temple (1/1) D:6            Lair (0/6) D:8

Altars:
Ashenzari
Cheibriados
Dithmenos
Elyvilon
Fedhas
Gozag
Hepliaklqana
Kikubaaqudgha
Makhleb
Nemelex Xobeh
Okawaru
Qazlal
Ru
Sif Muna
Trog
Uskayaw
Vehumet
Wu Jian
Xom
Yredelemnul
Zin
The Shining One

Shops:
D:6 [


Message History

Casting: Magic Dart (safe; 1% risk of failure)
Confirm with . or Enter, or press ? or * to list all spells.
Aiming: Magic Dart (safe; 1% risk of failure)
Press: ? - help, Shift-Dir - straight line, f/p - white ugly thing
Aim: a white ugly thing (flame, moderately wounded)
The magic dart hits the white ugly thing.
The white ugly thing is moderately wounded.
The white ugly thing is engulfed in blazing flames.
The white ugly thing engulfs you. The white ugly thing freezes you!
Casting: Magic Dart (safe; 1% risk of failure)
Confirm with . or Enter, or press ? or * to list all spells.
Aiming: Magic Dart (safe; 1% risk of failure)
Press: ? - help, Shift-Dir - straight line, f/p - white ugly thing
Aim: a white ugly thing (flame, moderately wounded)
The magic dart hits the white ugly thing.
The white ugly thing is moderately wounded.
The white ugly thing is engulfed in blazing flames.
The white ugly thing engulfs you! The white ugly thing freezes you!!
Ouch! That really hurt!
You die...

#.# #......... #^#
#####..### #.# ####'## #+
#.# #.#...# (.. #.#
##.#...## .... ####.#
#..#._.#. ..... ##.##.#
#..#####.
......####.....####........
......'.§u@................
......####....#####.####...
.$... ##.#.# #........ ....
###.# #######.# ... #.# #.#
#+ #.# #.# #.# #.# #.. #.#
##. #.#


You could see a white ugly thing.

Vanquished Creatures
  Pikel (D:7)
  Sigmund (D:2)
  Menkaure (D:4)
  An ice beast (D:6)
  An orc warrior (D:7)
  A sky beast (D:5)
  An ogre (D:6)
  A slave (D:7)
  A phantom (D:8)
  A black bear (D:8)
  4 centaurs
  2 big kobolds
  A bullfrog (D:6)
  A water moccasin zombie (D:5)
  A killer bee (D:7)
  5 wights
  A howler monkey (D:4)
  3 crimson imps
  2 centaur zombies
  2 hounds
  Crazy Yiuf (D:3)
  An orc priest (D:4)
  A bullfrog skeleton (D:5)
  An iguana (D:4)
  An orc wizard (D:3)
  10 worker ants
  3 gnolls (D:3)
  10 adders
  3 shadow imps
  2 oozes
  An adder zombie (D:6)
  A worm (D:5)
  10 leopard geckos
  16 orcs
  3 ball pythons
  6 giant cockroaches
  5 goblins
  4 hobgoblins
  3 jackals (D:8)
  3 quokkas
  9 bats
  8 frilled lizards
  17 kobolds
  A leopard gecko skeleton (D:6)
  A quokka skeleton (D:4)
  5 rats
158 creatures vanquished.

Vanquished Creatures (collateral kills)
  Joseph (D:7)
  2 hell hounds (D:8)
  Purgy (Sewer)
  An ice beast (D:6)
  A sky beast (D:6)
  An ogre (D:6)
  A centaur (D:5)
  A bullfrog (D:6)
  A scorpion (D:4)
  A wight (D:7)
  2 worker ants (D:5)
  4 orc wizards
  4 gnolls
  An adder (D:3)
  2 orcs
  A giant cockroach (D:8)
  A goblin (D:2)
  A ball python (Sewer)
27 creatures vanquished.

Vanquished Creatures (others)
  A hound zombie (D:7)
  A quokka (D:7)
2 creatures vanquished.

Grand Total: 187 creatures vanquished

Notes
Turn   | Place    | Note
-------+----------+-------------------------------------------
     0 | D:1      | Ordine the Deep Elf Wizard began the quest for the Orb.
     0 | D:1      | Reached XP level 1. HP: 10/10 MP: 7/7
   195 | D:1      | Reached XP level 2. HP: 5/15 MP: 0/9
   383 | D:1      | Learned a level 2 spell: Blink
   386 | D:1      | Learned a level 2 spell: Call Imp
  1155 | D:2      | Reached XP level 3. HP: 19/19 MP: 2/11
  1233 | D:2      | Learned a level 3 spell: Conjure Flame
  1237 | D:2      | Learned a level 3 spell: Mephitic Cloud
  1633 | D:2      | Reached XP level 4. HP: 23/24 MP: 7/12
  1854 | D:2      | Noticed Sigmund
  1867 | D:2      | Killed Sigmund
  1867 | D:2      | Reached skill level 5 in Spellcasting
  1867 | D:2      | Reached skill level 1 in Fire Magic
  1867 | D:2      | Reached skill level 1 in Poison Magic
  1867 | D:2      | Reached XP level 5. HP: 28/28 MP: 3/14
  1879 | D:2      | Reached skill level 1 in Air Magic
  2623 | D:3      | Reached XP level 6. HP: 24/32 MP: 5/15
  2952 | D:3      | Found a runed door.
  2956 | D:3      | Noticed Crazy Yiuf
  2974 | D:3      | Killed Crazy Yiuf
  3542 | D:4      | Found a glowing drain.
  3557 | Sewer    | Entered a sewer
  3675 | Sewer    | Noticed Purgy
  3683 | Sewer    | Killed Purgy
  3994 | D:4      | Reached XP level 7. HP: 36/36 MP: 9/17
  4068 | D:4      | Noticed Menkaure
  4223 | D:4      | Killed Menkaure
  4990 | D:5      | Entered Level 5 of the Dungeon
  5206 | D:5      | Reached skill level 1 in Short Blades
  5223 | D:5      | Reached skill level 1 in Fighting
  5334 | D:5      | Reached skill level 2 in Short Blades
  5334 | D:5      | Reached XP level 8. HP: 17/43 MP: 0/19
  5650 | D:5      | Reached skill level 3 in Short Blades
  5778 | D:5      | Found a stormy altar of Qazlal.
  5862 | D:5      | Got a steaming short sword
  5864 | D:5      | Identified the +6 short sword of the Dove {venom, rF+} (You found it on level 5 of the Dungeon)
  6381 | D:5      | Reached skill level 4 in Short Blades
  6519 | D:6      | Found a staircase to the Ecumenical Temple.
  6674 | D:6      | Reached skill level 5 in Dodging
  6692 | Temple   | Entered the Ecumenical Temple
  6848 | Temple   | Became a worshipper of Vehumet
  6991 | D:6      | Found Taxit's Armour Boutique.
  7232 | D:6      | Reached skill level 5 in Short Blades
  7577 | D:6      | Reached XP level 9. HP: 40/50 MP: 13/20
  7884 | D:7      | Noticed Joseph
  8277 | D:7      | Killed Joseph
  8277 | D:7      | Reached skill level 6 in Short Blades
  8582 | D:7      | Noticed Pikel
  8601 | D:7      | Killed Pikel
  8601 | D:7      | Reached skill level 7 in Short Blades
  8662 | D:7      | Found a sparkling altar of Nemelex Xobeh.
  9075 | D:7      | Reached * piety under Vehumet
  9075 | D:7      | Offered knowledge of Flame Tongue by Vehumet.
  9314 | D:8      | Found a staircase to the Lair.
  9570 | D:8      | Reached skill level 8 in Short Blades
  9630 | D:8      | Found a shadowy altar of Dithmenos.
  9749 | D:8      | Noticed a white ugly thing
  9760 | D:8      | Mangled by a white ugly thing

Vault maps used:
D:1:      lemuel_arrival_room
D:2:      uniq_sigmund
D:3:      first_ration, uniq_crazy_yiuf_cottage
D:4:      gup_sewer_entry_pipe, st_stairs_3, grunt_decor_cap, uniq_menkaure
D:5:      basic_altar, hangedman_decor_clover_reticule
D:6:      minmay_temple_entry_grid, enter_ossuary_2, serial_shops,
          nicolae_shop_window_shopping
D:7:      nemelex_altar_shiori, st_stairs_9, uniq_joseph, uniq_pikel,
          uniq_duvessa
D:8:      grunt_dithmenos_shadows, minmay_lair_entry_lava, uniq_prince_ribbit1
Temple:   regret_index_temple_chain_breaker
Sewer:    sewer_co_purgy_island

Skill      XL: |  1  2  3  4  5  6  7  8  9 |
---------------+----------------------------+-----
Stealth        | 3 |  3.0
Dodging        | 3 5 7 |  7.5
Conjurations   | 2 3 4 |  4.1
Spellcasting   | 5 6 |  6.0
Translocations | 2 3 |  3.0
Fire Magic     | 1 2 3 |  3.1
Poison Magic   | 1 2 3 |  3.0
Summonings     | 2 3 |  3.1
Air Magic      | 1 3 |  3.0
Short Blades   | 2 5 8 |  8.0
Fighting       | 1 3 4 |  4.5

Action                   |  1- 3 |  4- 6 |  7- 9 || total
-------------------------+-------+-------+-------++-------
Melee: Unarmed           |     9 |       |       ||     9
       Dagger            |       |    16 |    24 ||    40
       Short sword       |       |       |    58 ||    58
 Cast: Magic Dart        |    90 |    98 |   348 ||   536
       Call Imp          |     3 |    20 |    57 ||    80
       Mephitic Cloud    |       |     3 |    15 ||    18
       Blink             |       |     2 |    19 ||    21
       Conjure Flame     |       |       |     9 ||     9
  Use: Scroll            |     2 |     4 |     8 ||    14
       Potion            |       |       |     1 ||     1
 Stab: Confused          |       |     1 |     3 ||     4
       Sleeping          |       |       |     2 ||     2
  Eat: Chunk             |     2 |     7 |    15 ||    24
       Ration            |       |       |     1 ||     1
Armor: Robe              |     7 |     7 |    29 ||    43
Dodge: Dodged            |    20 |    29 |   158 ||   207

Table legend:
 A = Spawn XP
 B = Non-spawn XP
 C = Spawn XP percentage of total XP
 D = Spawn monster count
 E = Non-spawn monster count
 F = Spawn count percentage of total count
 G = Total turns spent on level
                    A         B        C        D         E        F      G
               +---------+---------+-------+---------+---------+-------+---------
         Total |       0 |    5373 |   0.0 |       0 |     184 |   0.0 |  9760
               +---------+---------+-------+---------+---------+-------+---------
           D:1 |       0 |      36 |   0.0 |       0 |      23 |   0.0 |  1088
           D:2 |       0 |     237 |   0.0 |       0 |      26 |   0.0 |  1130
           D:3 |       0 |     169 |   0.0 |       0 |      22 |   0.0 |  1147
           D:4 |       0 |     556 |   0.0 |       0 |      26 |   0.0 |  1307
           D:5 |       0 |     887 |   0.0 |       0 |      26 |   0.0 |  1591
           D:6 |       0 |    1119 |   0.0 |       0 |      18 |   0.0 |  1462
           D:7 |       0 |    1586 |   0.0 |       0 |      14 |   0.0 |   963
           D:8 |       0 |     666 |   0.0 |       0 |      21 |   0.0 |   582
         Sewer |       0 |     117 |   0.0 |       0 |       8 |   0.0 |   318
               +---------+---------+-------+---------+---------+-------+---------
